 Dungeon Crawl Stone Soup version 0.23.2-1-ga50397a (webtiles) character file.

Game seed: 450206360991111032

3992 MalarOregon the Covert (level 10, -5/91 HPs)
             Began as a Ghoul Gladiator on May 30, 2019.
             Was a Follower of Makhleb.
             Slain by Gastronok (19 damage)
             ... on level 9 of the Dungeon.
             The game lasted 00:17:27 (6960 turns).

MalarOregon the Covert (Ghoul Gladiator)            Turns: 6960, Time: 00:17:28

Health: -5/91      AC: 11    Str: 22    XL:     10   Next: 23%
Magic:  9/9        EV: 12    Int:  3    God:    Makhleb [*.....]
Gold:   420        SH:  0    Dex: 12    Spells: 9/9 levels left

rFire    . . .     SeeInvis .     - Unarmed
rCold    + . .     Gourm    .   (no shield)
rNeg     + + +     Faith    .   r - +4 ring mail
rPois    ∞         Spirit   .   b - +1 helmet
rElec    .         Reflect  .   (no cloak)
rCorr    .         Harm     .   (no gloves)
MR       .....                  (no boots)
Stlth    +++.......             m - amulet of regeneration
HPRegen  0.00/turn              o - +2 ring of dexterity
MPRegen  0.11/turn              y - ring of attention (curse)

@: vulnerable, flying, rotting
A: rotting body, claws 1, carnivore, cold resistance 1, negative energy
resistance 3, inhibited regeneration, torment resistance, unbreathing
a: Renounce Religion


You were on level 9 of the Dungeon.
You worshipped Makhleb.
Makhleb was aware of your devotion.
You were not hungry.

You visited 2 branches of the dungeon, and saw 10 of its levels.
You also visited: Sewer.

You collected 420 gold pieces.

Inventory:

Missiles
 c - 3 throwing nets {!f}
 k - 6 javelins (quivered)
Armour
 b - a +1 helmet (worn)
 r - a +4 ring mail (worn)
   (You found it on level 2 of the Dungeon)
 A - a +2 robe of fire resistance
   (You took it off a wight on level 7 of the Dungeon)
Jewellery
 f - an uncursed amulet of guardian spirit {unknown}
   (You found it on level 3 of the Dungeon)
 m - an amulet of regeneration (around neck)
   (You found it on level 1 of the Dungeon)
 o - a +2 ring of dexterity (left claw)
   (You found it on level 5 of the Dungeon)
 t - an uncursed amulet of rage {unknown}
   (You found it on level 4 of the Dungeon)
 y - a cursed ring of attention (right claw)
   (You found it on level 6 of the Dungeon)
Wands
 z - a wand of scattershot (4)
   (You found it on level 8 of the Dungeon)
Scrolls
 g - 8 scrolls of remove curse {@r2}
 h - a scroll of magic mapping
 j - a scroll of noise {!r}
 s - 4 scrolls of teleportation {@r4}
 u - 3 scrolls of enchant weapon
 B - 2 scrolls of identify {@r1}
 C - a scroll of enchant armour
Potions
 d - a potion of brilliance {unknown}
 i - 4 potions of curing {unknown}
 l - a potion of lignification
 n - a potion of haste {unknown}
 p - a potion of flight
 q - a potion of agility {unknown}
 v - 3 potions of ambrosia
Comestibles
 e - 19 rations {!d}
 w - 2 chunks of flesh


   Skills:
 + Level 9.4 Fighting
 - Level 1.7 Throwing
 - Level 2.6 Dodging
 + Level 9.8 Stealth
 + Level 9.7 Unarmed Combat


You had 9 spell levels left.
You didn't know any spells.
Your spell library contained the following spells:

 Spells                   Type           Power        Failure   Level  Hunger
 Confusing Touch          Hex            #.....       69%         1    ##.....
 Confuse                  Hex            #.......     96%         3    ####...
 Gell's Gravitas          Tloc           #.........   96%         3    ####...
 Petrify                  Tmut/Erth      #.......     100%        4    #####..
 Metabolic Englaciation   Hex/Ice        #.........   100%        5    ######.
 Yara's Violent Unravell  Hex/Tmut       #.........   100%        5    ######.


Dungeon Overview and Level Annotations

Branches:
Dungeon (9/15)             Temple (1/1) D:7
   Lair: D:8-11         Orc: D:9-12

Altars:
Cheibriados
Dithmenos
Elyvilon
Fedhas
Gozag
Hepliaklqana
Kikubaaqudgha
Makhleb
Nemelex Xobeh
Qazlal
Ru
Sif Muna
Trog
Uskayaw
Vehumet
Wu Jian
Xom
Yredelemnul
Zin
The Shining One

Shops:
D:5 :

Annotations:
D:6 1 runed translucent door
D:9 Gastronok


Innate Abilities, Weirdness & Mutations

Your body is rotting away.
You thrive on raw meat.
You are immune to poison.
You have sharp fingernails.
You are carnivorous and can eat meat at any time.
Your flesh is cold resistant. (rC+)
You are immune to negative energy. (rN+++)
You do not regenerate when monsters are visible.
You are immune to unholy pain and torment.
You can survive without breathing.


Message History

a +0 falchion; a cursed +0 leather armour; an orc skeleton
There is a stone staircase leading down here.
You climb downwards.
Level annotation: Gastronok Gastronok casts a spell.
Gastronok puts on a burst of speed!
There is a stone staircase leading up here.
Gastronok gurgles, "I'll eat you, I will!"
You claw Gastronok! You scratch Gastronok. Gastronok bites you.
You barely miss Gastronok. You scratch Gastronok but do no damage.
You claw Gastronok, but do no damage. Gastronok bites you!
You scratch Gastronok. You claw Gastronok!
It was a potion of flight.
You feel very buoyant.
You fly up into the air.
Gastronok bites you but does no damage.
It was a potion of lignification.
You feel woody for a moment.
It was a potion of heal wounds.
You feel much better. Gastronok bites you but does no damage.
It was a potion of ambrosia.
You are confused.
You feel invigorated. Gastronok bites you!!
Unknown command.
You mangle Gastronok!! You scratch Gastronok.
You're too confused to move!
Gastronok bites you!!
Unknown command.
You mangle Gastronok!!
Unknown command.
You closely miss Gastronok.
Gastronok waves his eye-stalks in wide circles.
The air twists around and violently strikes you in flight!
Ouch! That really hurt!
* * * LOW HITPOINT WARNING * * *
You feel much better.
You feel less invigorated.
You feel less confused.
Gastronok waves his eye-stalks in wide circles.
The air twists around and violently strikes you in flight!
* * * LOW HITPOINT WARNING * * *
As you read the scroll labeled VEGGUAXKUQ, it crumbles to dust.
Magic quickly surges around you.
It was a scroll of vulnerability.
As you read the scroll labeled OJUR VIGISUFEH, it crumbles to dust.
You hear a loud clanging noise!
It was a scroll of noise.
You hear two shouts!
Gastronok bites you!!
You die...

#........#.......#..#
#........#.......#...
#........#.......#...
#........#########o..
##................o..
#...................
#...................
#...................
#..@w...............
#.).................
#..<................
#...#######'###.....
##### .....###...
.oo..... #...
...w.......#...
....... ...#...
....... ####


You could see Gastronok.

Vanquished Creatures
  A two-headed ogre (D:8)
  A spriggan (D:7)
  An eye of draining (D:8)
  2 ice beasts
  2 orc warriors
  A phantom (D:7)
  A sky beast (D:6)
  2 necrophages (D:6)
  2 ogres
  A centaur (D:8)
  A gnoll sergeant (D:5)
  7 bullfrogs
  A water moccasin zombie (D:6)
  4 killer bees (D:8)
  5 wights
  2 howler monkeys
  3 crimson imps
  8 orc priests
  2 centaur skeletons (D:5)
  A hound (D:4)
  3 orc wizards
  An iguana (D:8)
  Terence (D:3)
  7 worker ants
  A hound zombie (D:6)
  A hound skeleton (D:6)
  8 gnolls
  A howler monkey skeleton (D:5)
  14 adders
  A shadow imp (D:5)
  3 oozes (Sewer)
  2 worms (D:3)
  A dart slug (D:2)
  15 leopard geckos
  22 orcs
  9 giant cockroaches
  3 goblins (D:1)
  10 hobgoblins
  13 jackals
  3 quokkas (D:5)
  4 ball pythons
  4 bats
  10 frilled lizards
  5 kobolds
  A quokka zombie (D:7)
  2 rats
193 creatures vanquished.

Notes
Turn   | Place    | Note
-------+----------+-------------------------------------------
     0 | D:1      | MalarOregon the Ghoul Gladiator began the quest for the
                  | Orb.
     0 | D:1      | Reached XP level 1. HP: 17/17 MP: 0/0
   119 | D:1      | Reached skill level 1 in Stealth
   119 | D:1      | Reached XP level 2. HP: 22/25 MP: 1/1
   574 | D:2      | You fall through a shaft for 2 floors!
   817 | D:2      | Reached XP level 3. HP: 24/30 MP: 2/2
  1636 | D:3      | Found a stormy altar of Qazlal.
  1637 | D:3      | Found a deep blue altar of Sif Muna.
  1639 | D:3      | Found a glowing silver altar of Zin.
  1639 | D:3      | Found a sparkling altar of Nemelex Xobeh.
  1639 | D:3      | Found a snail-covered altar of Cheibriados.
  1639 | D:3      | Found a shadowy altar of Dithmenos.
  1680 | D:3      | Reached XP level 4. HP: 29/38 MP: 3/3
  2043 | D:3      | Found a hazy altar of Hepliaklqana.
  2044 | D:3      | Noticed Terence
  2069 | D:3      | Killed Terence
  2069 | D:3      | Reached XP level 5. HP: 46/46 MP: 4/4
  2122 | D:3      | Found an opulent altar of Gozag.
  2429 | D:4      | Reached XP level 6. HP: 52/52 MP: 5/5
  2487 | D:4      | Reached skill level 5 in Unarmed Combat
  2503 | D:4      | Found a glowing golden altar of the Shining One.
  2951 | D:5      | Entered Level 5 of the Dungeon
  2989 | D:5      | Noticed an ice beast
  3123 | D:5      | Killed an ice beast
  3134 | D:5      | Reached XP level 7. HP: 42/60 MP: 6/6
  3153 | D:5      | Reached skill level 5 in Fighting
  3202 | D:5      | Found a glowing drain.
  3211 | Sewer    | Entered a sewer
  3308 | Sewer    | Reached skill level 5 in Stealth
  3977 | D:5      | Reached XP level 8. HP: 70/70 MP: 7/7
  4016 | D:5      | Found Ynumed's Book Emporium.
  4454 | D:6      | Found a runed translucent door.
  4454 | D:6      | Noticed an angel
  4461 | D:6      | Found a white marble altar of Elyvilon.
  4894 | D:6      | Found a shimmering altar of Xom.
  4930 | D:7      | Reached XP level 9. HP: 79/79 MP: 8/8
  5049 | D:7      | Found a staircase to the Ecumenical Temple.
  5110 | Temple   | Entered the Ecumenical Temple
  5118 | Temple   | Became a worshipper of Makhleb the Destroyer
  5733 | D:7      | Found an ornate altar of the Wu Jian Council.
  6029 | D:8      | Reached * piety under Makhleb
  6328 | D:8      | Found a stormy altar of Qazlal.
  6449 | D:8      | Noticed a two-headed ogre
  6469 | D:8      | Killed a two-headed ogre
  6469 | D:8      | Reached XP level 10. HP: 48/91 MP: 9/9
  6730 | D:9      | Noticed Gastronok
  6960 | D:9      | Slain by Gastronok

Skill      XL: |  1  2  3  4  5  6  7  8  9 |
---------------+----------------------------+-----
Stealth        | 1 2 3 4 5 7 9 |  9.8
Fighting       | 3 4 5 7 9 |  9.4
Unarmed Combat | 4 5 6 7 9 |  9.7
Throwing       | |  1.7
Dodging        | |  2.6

Action                   |  1- 3 |  4- 6 |  7- 9 | 10-12 || total
-------------------------+-------+-------+-------+-------++-------
Melee: Unarmed           |   137 |   174 |   495 |    29 ||   835
       Punch             |     1 |     6 |    19 |     2 ||    28
Throw: Javelin           |       |       |    12 |       ||    12
  Use: Scroll            |     7 |     3 |     1 |     2 ||    13
       Potion            |       |       |       |     5 ||     5
 Stab: Sleeping          |     1 |     1 |    11 |       ||    13
  Eat: Chunk             |    11 |     6 |    25 |       ||    42
Armor: Leather armour    |    26 |       |       |       ||    26
       Ring mail         |    10 |    65 |   181 |     5 ||   261
Dodge: Dodged            |    98 |    70 |   273 |     6 ||   447
